 Seeded DCSS version 0.29.1-4-g47bece8355 (webtiles) character file.

Game seed: 12250265412636729053 (custom seed)

299 GigaChad the Chopper (level 6, 0/53 HPs)
             Began as a Hill Orc Fighter on Dec 7, 2022.
             Killed by nerve-wracking pain
             ... invoked by an orc priest
              (7 damage)
             ... on level 5 of the Dungeon.
             The game lasted 00:05:15 (3640 turns).

GigaChad the Chopper (Hill Orc Fighter)             Turns: 3640, Time: 00:05:16

Health: 0/53       AC:  7    Str: 21    XL:     6   Next: 36%
Magic:  6/6        EV:  9    Int:  8    God:
Gold:   117        SH:  0    Dex: 10    Spells: 5/5 levels left

rFire   . . .      SeeInvis .   a - +0 war axe
rCold   . . .      Faith    .   c - +0 buckler
rNeg    . . .      Spirit   .   b - +0 scale mail
rPois   .          Reflect  .   (no helmet)
rElec   .          Harm     .   (no cloak)
rCorr   .          Rampage  .   (no gloves)
Will    .....                   (no boots)
Stlth   ..........              (no amulet)
HPRegen 0.17/turn               (no ring)
MPRegen 0.10/turn               (no ring)

@: confused
A: no striking features
a: Convert to Beogh


You were on level 5 of the Dungeon.
You visited 1 branch of the dungeon, and saw 5 of its levels.

You collected 117 gold pieces.

Inventory:

Hand Weapons
 a - a +0 war axe (weapon)
 g - a +3 battleaxe of electrocution
Armour
 b - a +0 scale mail (worn)
 c - a +0 buckler (worn)
Jewellery
 m - an amulet of reflection
Scrolls
 e - 4 scrolls of identify {unknown}
 f - 4 scrolls of noise {unknown}
 l - 2 scrolls of fog {unknown}
 n - a scroll of fear {unknown}
 o - a scroll of teleportation {unknown}
 p - a scroll of immolation {unknown}
Potions
 d - a potion of might
 h - a potion of magic {unknown}
 i - 2 potions of heal wounds {unknown}
 j - a potion of haste {unknown}
 k - 2 potions of resistance {unknown}
 q - a potion of invisibility {unknown}


   Skills:
 * Level 4.6 Fighting
 + Level 5.3 Axes
 * Level 5.0 Armour
 - Level 1.1 Dodging
 - Level 0.1 Stealth
 * Level 4.0 Shields


You had 5 spell levels left.
You didn't know any spells.
Your spell library contained the following spells:

 Spells                   Type           Power      Damage    Failure   Level
 Beastly Appendage        Tmut           0%         N/A       83%         1
 Wereblood                Tmut           0%         N/A       92%         2
 Spider Form              Tmut/Pois      0%         N/A       99%         3


Dungeon Overview and Level Annotations

Branches:
Dungeon (4/15)
 Temple: D:4-7

Altars:


Message History

The orc wizard shouts!
You hear a shout!
The orc hits you but does no damage.
An orc comes into view. It is wielding a +0 hand axe.
You block the orc's attack.
You slash the orc!
You kill the orc!
You closely miss the orc. You block the orc's attack.
The orc hits you with a +0 flail. The orc hits you but does no damage.
Things that are here:
a +0 club; a +0 leather armour; a +0 war axe A black bear comes into view.
The black bear growls angrily.
The orc barely misses you. The orc hits you but does no damage.
The orc hits you with a +0 hand axe.
You slash the orc!
You kill the orc!
You hit the orc but do no damage. You slash the orc priest! You hit the orc.
The orc priest invokes the aid of Beogh against you.
Beogh smites you! The orc barely misses you. x2
You slash the orc!
You kill the orc!
You closely miss the orc wizard. You hit the orc. You slash the orc!
You kill the orc!
You completely miss the orc priest. You hit the orc but do no damage.
The orc hits you but does no damage.
The orc priest calls down the wrath of Beogh upon you.
Beogh smites you! The orc wizard barely misses you.
The orc hits you but does no damage. The orc barely misses you.
The orc priest mumbles some strange prayers to Beogh against you.
Pain shoots through your body!
* * * LOW HITPOINT WARNING * * *
The orc hits you with a +0 hand axe.
* * * LOW HITPOINT WARNING * * *
The orc wizard casts a spell at you.
You are confused.
You barely miss the orc wizard. You slash the black bear! You hit the orc.
You miss the orc. You closely miss the orc priest.
The orc priest mumbles some strange prayers to Beogh against you.
Pain shoots through your body!
You die...

#....# #....# #....#
#....# ########....#
............# #########
........o...####<.......
......h@)).....#........
......ooo......'>.......
.......o.......#........
...............#........
......##.......#........
...... #.......#........
......#........#....>...
...##.#.##.#####.###.#.#
#. #.# #.#..


You could see a black bear, an orc priest, an orc wizard and 3 orcs.

Vanquished Creatures
  Sigmund (D:2)
  Robin (D:2)
  4 adders
  An ufetubus (D:5)
  2 dart slugs
  3 worms
  6 orcs
  6 ball pythons
  3 bats
  3 endoplasms
  3 giant cockroaches
  10 goblins
  4 hobgoblins
  3 jackals (D:3)
  3 quokkas
  2 frilled lizards (D:2)
  8 kobolds
  6 rats (D:3)
69 creatures vanquished.

Vanquished Creatures (others)
  An orc (D:4)
1 creature vanquished.

Grand Total: 70 creatures vanquished

Notes
Turn   | Place    | Note
-------+----------+-------------------------------------------
     0 | D:1      | GigaChad the Hill Orc Fighter began the quest for the Orb.
     0 | D:1      | Reached XP level 1. HP: 19/19 MP: 1/1
   188 | D:1      | Reached XP level 2. HP: 27/27 MP: 2/2
  1207 | D:2      | Noticed Robin
  1210 | D:2      | Reached XP level 3. HP: 28/33 MP: 3/3
  1218 | D:2      | Killed Robin
  1927 | D:2      | Reached XP level 4. HP: 38/41 MP: 4/4
  2497 | D:2      | Noticed Sigmund
  2509 | D:2      | Killed Sigmund
  2510 | D:2      | Reached skill level 1 in Dodging
  2510 | D:2      | Reached XP level 5. HP: 29/47 MP: 5/5
  2510 | D:2      | Reached XP level 6. HP: 32/53 MP: 6/6
  2857 | D:3      | Reached skill level 5 in Armour
  2929 | D:3      | Reached skill level 5 in Axes
  3049 | D:3      | Found a faded altar of an unknown god.
  3064 | D:3      | Identified a scroll of acquirement
  3064 | D:3      | Acquired a +3 battleaxe of electrocution
  3527 | D:4      | You fall into a shaft and drop 1 floor!
  3527 | D:5      | Entered Level 5 of the Dungeon
  3636 | D:5      | Noticed a black bear
  3640 | D:5      | Killed from afar by an orc priest

Illustrated notes

Levels and vault maps discovered:
D:1:      tarquinn_simple_flora_water_c, layout_loops_ring,
          minmay_misc_feat_enclosed
D:2:      minmay_door_path, layout_basic, uniq_robin, uniq_sigmund
D:3:      layout_loops_cross, ebering_ecumenical_altar_sacrificial
D:4:      layout_gridville, minmay_temple_entry_arrows, lemuel_flame_loot_1,
          uniq_pikel
D:5:      layout_basic, mainiacjoe_overflow_small_starburst,
          hangedman_abyss_or_decor_passed

Skill      XL: |  1  2  3  4  5  6 |
---------------+-------------------+-----
Fighting       | 4 |  4.6
Axes           | 3 4 5 |  5.3
Armour         | 4 5 |  5.0
Dodging        | 1 |  1.1
Shields        | 4 |  4.0
Stealth        | |  0.1

Action                   |  1- 3 |  4- 6 || total
-------------------------+-------+-------++-------
Melee: War axe           |    79 |   104 ||   183
  Use: Scroll            |       |     1 ||     1
Armor: Scale mail        |    46 |    69 ||   115
Dodge: Dodged            |    36 |    59 ||    95
Block: Buckler           |    18 |    31 ||    49
